 Dungeon Crawl Stone Soup version 0.19-a0-1225-gf887c1c (webtiles) character file.

2916143 Gorice the Slayer (level 27, 307/327 HPs)
             Began as a Demonspawn Monk on Aug 21, 2016.
             Was the Champion of Okawaru.
             Escaped with the Orb
             ... and 5 runes on Aug 25, 2016!
             The game lasted 10:41:49 (83912 turns).

Gorice the Slayer (Demonspawn Monk)                Turns: 83912, Time: 10:41:50

Health: 307/327    AC: 43    Str: 14    XL:     27
Magic:  36/36      EV: 26    Int: 23    God:    Okawaru [******]
Gold:   10666      SH:  0    Dex: 16    Spells: 9 memorised, 23 levels left

rFire  . . .     SeeInvis +     a - +6 triple sword (flame)
rCold  . . .     Gourm    .     m - +9 ring mail "Suwkok" {rPois Int+2 Dex-2}
rNeg   . . .     Faith    .     (shield currently unavailable)
rPois  +         Spirit   .     i - +2 helmet {SInv}
rElec  .         Dismiss  .     f - +2 cloak {MR+}
rCorr  .         Reflect  .     I - +3 pair of gauntlets of War {Slay+5}
MR     +++..     Harm     .     (boots unavailable)
Stlth  ++........               R - amulet of Vitality {Regen+ HP+15}
                                L - +5 ring of protection
                                Q - ring "Ofidaoxi" {AC+4 Int+3}

@: repel missiles
A: hooves 3, iridescent scales 3, deformed body, demonic guardian 3, powered by
death 3, robust 3, weak 1
a: Heroism, Finesse, Renounce Religion
0: Orb of Zot
}: 5/15 runes: barnacled, slimy, silver, abyssal, gossamer


You escaped.
You worshipped Okawaru.
Okawaru was exalted by your worship.
You were not hungry.

You visited 12 branches of the dungeon, and saw 58 of its levels.
You visited the Abyss 1 time.
You also visited: Labyrinth, Sewer and Ice Cave.

You collected 12058 gold pieces.
You spent 1392 gold pieces at shops.

Inventory:

Hand Weapons
 a - a +6 triple sword of flaming (weapon)
   (Okawaru gifted it to you on level 3 of the Elven Halls)
 z - the +3 great sword of Abuse {freeze, rF+ Str+6 Int+4}
   (Okawaru gifted it to you on level 5 of the Realm of Zot)

   It has been specially enchanted to freeze those struck by it, causing extra
   injury to most foes and up to half again as much damage against particularly
   susceptible opponents.
   It can also slow down cold-blooded creatures.
   It affects your strength (+6).
   It affects your intelligence (+4).
   It protects you from fire.
 B - a +0 blowgun
Missiles
 n - 19 javelins of returning (quivered)
 v - 9 curare-tipped needles
 K - 7 silver javelins
 M - 49 javelins of penetration
 Y - 12 throwing nets
Armour
 f - a +2 cloak of magic resistance (worn)
   (You took it off Nikola on level 1 of the Shoals)
 i - a +2 helmet of see invisible (worn)
   (You found it on level 14 of the Dungeon)
 m - the +9 ring mail "Suwkok" (worn) {rPois Int+2 Dex-2}
   (You found it on level 4 of the Dungeon)

   It affects your intelligence (+2).
   It affects your dexterity (-2).
   It protects you from poison.
 F - a +2 plate armour of poison resistance
   (Okawaru gifted it to you on level 4 of the Realm of Zot)
 I - the +3 pair of gauntlets of War (worn) {Slay+5}
   (You found it on level 5 of the Pits of Slime)

   It affects your accuracy and damage with ranged weapons and melee attacks
   (+5).
Rods
 b - a +3 rod of shadows (10/10) {!a}
   (You found it on level 5 of the Pits of Slime)
Jewellery
 L - a +5 ring of protection (right hand)
 N - the ring "Rifoissa" {+Fly rPois rF++ Str-3 Stlth+}
   (You took it off an ironbrand convoker on level 4 of the Vaults)

   [ring of stealth]

   It affects your strength (-3).
   It greatly protects you from fire.
   It protects you from poison.
   It lets you fly.
   It makes you more stealthy.
 Q - the ring "Ofidaoxi" (left hand) {AC+4 Int+3}
   (You took it off a minotaur in a labyrinth)

   [ring of protection]

   It affects your AC (+4).
   It affects your intelligence (+3).
 R - the amulet of Vitality (around neck) {Regen+ HP+15}
   (You found it on level 3 of the Elven Halls)

   [amulet of regeneration]

   It affects your health (+15).
   It increases your rate of regeneration.
 S - an uncursed ring of resist corrosion
 W - an uncursed ring of protection from cold
 Z - an uncursed ring of positive energy
Wands
 j - a wand of teleportation (6/9) {!d}
 u - a wand of digging (9/24)
 D - a wand of heal wounds (7/9) {!d}
 P - a wand of disintegration (13/24)
Scrolls
 g - 9 scrolls of fear {!r}
 h - 31 scrolls of remove curse
 k - 7 scrolls of magic mapping {!r}
 q - 20 scrolls of teleportation {!r}
 s - 7 scrolls of blinking
 w - 9 scrolls of fog
 E - 15 scrolls of identify
 T - a scroll of summoning {!r}
Potions
 d - 2 potions of haste {!q}
 e - 24 potions of curing
 l - 2 potions of might {!q}
 o - 5 potions of heal wounds {!q}
 p - a potion of invisibility {!q}
 r - 2 potions of resistance {!q}
 C - a potion of cure mutation {!q}
 H - 5 potions of agility {!q}
 J - 6 potions of cancellation {!q}
Miscellaneous
 y - 4 sacks of spiders
 V - 4 boxes of beasts
Comestibles
 c - 24 bread rations {!e}
 x - 55 fruits


   Skills:
 + Level 24.5 Fighting
 - Level 24.0 Long Blades
 - Level 10.0 Throwing
 + Level 19.2 Armour
 - Level 22.0 Dodging
 - Level 12.1 Stealth
 - Level 9.0 Spellcasting
 - Level 6.0 Hexes
 - Level 8.1 Charms
 - Level 8.4 Summonings
 - Level 8.0 Translocations
 - Level 10.0 Invocations
 - Level 10.0 Evocations


You had 23 spell levels left.
You knew the following spells:

 Your Spells              Type           Power        Failure   Level  Hunger
a - Spectral Weapon       Hex/Chrm       #####...     1%          3    None
p - Portal Projectile     Tloc           #####.       1%          3    None
A - Apportation           Tloc           #####.....   1%          1    None
B - Summon Butterflies    Summ           #####...     1%          1    None
G - Passage of Golubria   Tloc           N/A          4%          4    ##.....
J - Blink                 Tloc           N/A          1%          2    None
M - Repel Missiles        Chrm/Air       ####..       2%          2    None
R - Regeneration          Chrm/Necr      ####......   8%          3    None
S - Swiftness             Chrm/Air       ####....     2%          2    None


Dungeon Overview and Level Annotations

Branches:
Dungeon (15/15)            Temple (1/1) D:5            Lair (6/6) D:11
 Shoals (4/4) Lair:3       Spider (4/4) Lair:3        Slime (5/5) Lair:6
    Orc (2/2) D:9             Elf (3/3) Orc:2        Vaults (5/5) D:13
  Crypt (3/3) Vaults:3       Tomb (0/3) Crypt:3      Depths (5/5) D:15
    Zot (5/5) Depths:5

Altars:
Ashenzari
Cheibriados
Dithmenos
Elyvilon
Fedhas
Gozag
Hepliaklqana
Kikubaaqudgha
Makhleb
Nemelex Xobeh
Okawaru
Qazlal
Ru
Sif Muna
Trog
Uskayaw
Vehumet
Xom
Yredelemnul
Zin
The Shining One
Beogh
Jiyva

Shops:
D:5 }   D:7 *   D:15 ?   Orc:2 (=[*   Elf:3 (   Vaults:1 }   Vaults:4 =

Portals:
Hell: Depths:1 Depths:2 Depths:3 Depths:4 Depths:5
Abyss: Depths:2 Depths:4
Pandemonium: Depths:3 Depths:4
Ziggurat: Depths:2

Annotations:
Lair:4 : vpUX: catoblepas lair needs flight
Elf:2 exclusion: Roxanne, Roxanne


Innate Abilities, Weirdness & Mutations

You have hooves in place of feet.
You are completely covered in iridescent scales. (AC +6)
A powerful demonic guardian rushes to your aid.
You regenerate a lot of health from kills.
You are extremely robust. (+30% HP)
Armour fits poorly on your strangely shaped body.
You are weak. (Str -2)


Message History

Confirm with . or Enter, or press ? or * to list all spells.
Your skin crawls.
You feel sick.
Casting: Regeneration
Confirm with . or Enter, or press ? or * to list all spells.
Your skin crawls.
Really quaff
r - 2 potions of resistance {!q}?
Okay, then.
Unknown command.
Unknown command.
You feel better.
You hear a grinding noise.
Your hands slow down.
You feel like a meek peon again.
Really eat
c - 25 bread rations {!e}?
You start eating one of the 25 bread rations {!e}.
You continue eating. x2
You finish eating.
That bread ration really hit the spot!
You hear a grinding noise.
You hear a grinding noise.
A quasit comes into view.
The quasit misses you. The quasit completely misses you. The quasit misses you.
You closely miss the quasit. Your kick misses the quasit.
The quasit barely misses you.
You riposte.
You closely miss the quasit. You kick the quasit!
The quasit is heavily wounded.
The quasit completely misses you. x2
You closely miss the quasit. Your kick misses the quasit.
The quasit is heavily wounded.
The quasit closely misses you. The quasit completely misses you. x2
You open the quasit like a pillowcase!!!
You burn the quasit.
You kill the quasit!
Okawaru accepts your kill.
You hear a grinding noise.
You hear a grinding noise.
You hear a grinding noise.
You hear a grinding noise.
You hear a grinding noise.
You hear a grinding noise.
Your skin is crawling a little less now.
You hear a grinding noise.
Your skin stops crawling.
You hear a grinding noise.
You hear a grinding noise.
You hear a grinding noise.
You hear a grinding noise.
A cacodemon comes into view.
The cacodemon shouts!
There is a staircase leading out of the dungeon here.
You have escaped!

.................# #......#.##
.......#####.##########........##
....#### ####........###.....'.
.......#####....#.#...# #รท....##
#######........####3..####.....##
...###...##...## #.##...##.....##
..#.#..##......##.###...#########
..##..##...##...2.#.....# #
..##.....######.@......## #
..###..### #.....#...# # ..# #.##
#.##.#.#...# # ..###.# #.#
#####.### # ......# ## ### #
......# # .###..# # .# #..# # .#
#..# #


You could see a cacodemon and a sixfirhy.

Vanquished Creatures
  the Royal Jelly (Slime:5)
  5 orbs of fire
  Mennas (Vaults:2)
  A juggernaut (Depths:4)
  4 ancient liches
  Margery (Vaults:2)
  A caustic shrike (Depths:4)
  Frederick (Crypt:1)
  8 golden dragons
  5 Killer Klowns
  2 curse toes
  A pandemonium lord (D:1)
  Arachne (Spider:2)
  Nikola (Shoals:1)
  2 bone dragons
  3 electric golems
  3 profane servitors
  2 hellephants (Abyss:4)
  9 liches
  16 tentacled monstrosities
  A Hell Sentinel (Abyss:3)
  4 deep elf master archers (Elf:3)
  21 Orb Guardians
  2 quicksilver dragons
  4 titans
  A kraken (Shoals:4)
  16 acid blobs
  5 deep elf blademasters
  The ghost of eragonby the Severer, an adept MiFi of Okawaru (Depths:1)
  10 tentacled starspawn
  Polyphemus (Shoals:2)
  2 Executioners
  8 sphinxes
  11 shadow dragons
  An ancient champion (Crypt:3)
  7 tengu reavers
  Donald (Elf:1)
  8 death cobs
  11 storm dragons
  10 draconian monks
  8 fire giants
  2 revenants
  17 frost giants
  Ilsuiw (Shoals:4)
  2 iron dragons (Vaults:5)
  12 deep elf sorcerers
  7 ghost moths
  Aizul (Depths:2)
  7 ghouls
  3 orc warlords
  18 vault wardens
  8 draconian scorchers
  6 emperor scorpions
  8 azure jellies
  5 draconian knights
  14 draconian zealots
  A caustic shrike zombie (Depths:2)
  2 balrugs
  30 stone giants
  5 draconian shifters
  2 reapers
  4 deep elf elementalists
  17 very ugly things
  5 draconian annihilators
  3 war gargoyles (Vaults:5)
  20 ironheart preservers
  7 green draconians
  7 vampire knights
  3 deep elf demonologists
  3 entropy weavers
  11 black draconians
  9 mottled draconians
  2 pale draconians (Depths:5)
  10 purple draconians
  7 dire elephants (Abyss:4)
  12 yellow draconians
  2 lorocyprocas
  10 deep elf annihilators
  13 ettins
  11 spark wasps
  12 white draconians
  19 red draconians
  3 eidola
  3 blizzard demons
  6 merfolk impalers
  7 merfolk javelineers (Shoals:4)
  10 deep elf death magi
  24 fire dragons
  6 death oozes (Slime:5)
  A quicksilver dragon zombie (Crypt:1)
  13 ogre magi
  A minotaur (Lab)
  16 jiangshi
  Erolcha (D:10)
  19 yaktaur captains
  4 deep elf high priests
  14 great orbs of eyes
  7 rakshasas
  25 vault guards
  8 hydras
  20 ice dragons
  Fannar (Lair:1)
  A quicksilver dragon skeleton (Crypt:3)
  5 spriggan air magi
  7 death knights
  A juggernaut simulacrum (Depths:2)
  8 merfolk avatars
  A ghost crab (Abyss:4)
  2 catoblepae
  The ghost of p0werm0de the Summoner, a journeyman OpSu of Cheibriados (Lab)
  12 centaur warriors
  4 satyrs
  A spectral fire giant (Crypt:3)
  4 merfolk aquamancers (Shoals:4)
  18 dancing weapons
  8 death yaks
  6 deep troll shamans
  9 thrashing horrors
  5 deep troll earth magi
  3 tengu warriors
  6 spriggan berserkers
  4 vampire magi
  Urug (Lair:2)
  19 deep elf knights
  6 orc high priests
  A storm dragon zombie (Abyss:1)
  Sonja (Lair:1)
  4 soul eaters
  Nergalle (Lair:2)
  2 sun demons
  12 hell knights
  13 wretched stars
  A sixfirhy (D:9)
  A salamander mystic (Depths:4)
  An iron troll (Depths:2)
  A fire crab (shapeshifter) (Depths:5)
  39 skeletal warriors
  6 shadow wraiths
  3 spatial maelstroms
  8 sea snakes
  23 deep trolls
  A giant orange brain (shapeshifter) (Vaults:5)
  A golden dragon zombie (Abyss:4)
  4 unseen horrors
  3 giant orange brains
  A death drake (shapeshifter) (Depths:2)
  An entropy weaver zombie (Crypt:2)
  3 swamp dragons (Depths:5)
  An unseen horror (shapeshifter) (Abyss:4)
  10 flayed ghosts
  An anaconda zombie (Crypt:1)
  An anubis guard (shapeshifter) (Vaults:4)
  12 wolf spider zombies (Spider:2)
  13 phantasmal warriors
  13 deep elf archers
  An orange crystal statue (D:10)
  34 harpies
  9 hill giants
  Pikel (D:7)
  A lindwurm (Lair:4)
  2 iron dragon zombies (Crypt:1)
  16 necromancers
  A shadow dragon zombie (Depths:3)
  An obsidian statue (Depths:2)
  7 ironbrand convokers
  2 stone giant zombies
  16 orb spiders
  A mana viper (shapeshifter) (Depths:4)
  26 orc knights
  29 wolf spiders
  A fire giant zombie (Vaults:1)
  5 cyclopes
  2 manticores (shapeshifter)
  16 griffons
  An oklob plant (Lair:3)
  2 frost giant zombies
  8 orc sorcerers
  63 deep elf magi
  4 shining eyes
  54 ugly things
  A faun (shapeshifter) (Vaults:4)
  5 worldbinders
  8 fauns (Shoals:4)
  11 hornets
  25 moths of wrath
  A shock serpent zombie (Crypt:2)
  13 elephants
  3 manticores
  A black mamba (shapeshifter) (Depths:1)
  5 salamanders (Depths:4)
  An elephant (shapeshifter) (Vaults:5)
  31 starcursed masses
  2 fire giant skeletons
  Maurice (D:13)
  An ice statue (IceCv)
  24 vault sentinels
  An iron dragon skeleton (Crypt:1)
  3 black mambas
  A guardian serpent (Abyss:1)
  2 eyes of devastation (Slime:5)
  2 frost giant skeletons
  25 spiny frogs
  5 smoke demons
  2 rust devils
  10 sirens
  3 torpor snails
  5 water nymphs
  A gargoyle (D:15)
  2 kobold demonologists
  A rime drake (shapeshifter) (Vaults:3)
  3 rime drakes
  2 ice devils
  A komodo dragon (shapeshifter) (Abyss:3)
  59 yaktaurs
  6 freezing wraiths
  18 demonic crawlers
  9 redback zombies
  A tormentor (Abyss:4)
  A tengu conjurer (D:15)
  A hellwing (Abyss:4)
  15 polar bears
  6 ancient zymes
  10 red devils
  11 trolls
  6 komodo dragons
  24 two-headed ogres
  22 merfolk
  A meliai (shapeshifter) (Depths:3)
  3 wind drakes
  3 meliai (Spider:3)
  A tengu simulacrum (Depths:3)
  33 jumping spiders
  A jumping spider (shapeshifter) (Depths:2)
  6 tarantella zombies (Spider:2)
  9 blink frogs
  5 giant leeches (Lair:6)
  A harpy skeleton (Crypt:1)
  6 boulder beetles
  A griffon zombie (Crypt:1)
  Prince Ribbit (Lair:1)
  101 slime creatures
  An iron dragon simulacrum (Crypt:1)
  A boulder beetle (shapeshifter) (Depths:1)
  2 meliai zombies
  9 snapping turtles
  2 spriggan zombies
  26 raiju
  2 ice dragon skeletons (Crypt:1)
  52 flying skulls (Crypt:3)
  An ice dragon zombie (Crypt:1)
  9 air elementals
  10 water elementals
  99 redbacks
  A shock serpent simulacrum (Crypt:1)
  4 vampires
  12 wraiths
  A spriggan (D:7)
  38 tarantellas
  5 wyverns
  63 yaks
  5 ynoxinuls
  A hill giant zombie (Crypt:1)
  9 shadows
  18 small abominations
  A fire elemental (Elf:2)
  A basilisk (shapeshifter) (Vaults:2)
  4 neqoxecs
  A yak (shapeshifter) (Depths:4)
  6 humans (D:8)
  10 hungry ghosts
  A golden eye (Abyss:3)
  4 basilisks
  4 fire bats (Abyss:3)
  4 chaos spawn
  3 steam dragons (Depths:5)
  4 vampire mosquitoes (Lair:6)
  A gelid demonspawn zombie (Crypt:2)
  5 spatial vortices
  17 hippogriffs
  23 large abominations
  A swamp worm (shapeshifter) (Vaults:5)
  8 wargs
  11 water moccasins
  3 hell hounds (D:13)
  Duvessa (D:7)
  2 soldier ants
  5 porcupines
  2 giant eyeballs
  66 orc warriors
  6 sky beasts
  10 ice beasts
  A meliai simulacrum (D:14)
  A black bear (D:8)
  3 phantoms
  66 ogres
  10 necrophages
  An orc zombie (Vaults:1)
  3 wasps
  3 eyes of draining
  An eye of draining (shapeshifter) (Abyss:3)
  19 wolves
  21 boggarts
  17 crocodiles
  16 centaurs
  2 human skeletons
  4 big kobolds
  25 giant frogs
  3 elf zombies (Elf:3)
  A gnoll sergeant (D:9)
  2 wyvern zombies
  A komodo dragon skeleton (Crypt:1)
  A draconian skeleton (Crypt:2)
  4 earth elementals
  Dowan (D:7)
  A scorpion (D:11)
  A hell hound skeleton (Crypt:2)
  A shapeshifter zombie (Crypt:2)
  9 killer bees
  A human simulacrum (Vaults:1)
  11 wights
  5 howler monkeys
  8 electric eels
  2 centaur zombies
  12 crimson imps
  A giant frog zombie (D:10)
  5 quasits
  5 centaur skeletons
  8 hounds
  2 jellies
  21 orc priests
  6 iron imps
  29 orc wizards
  3 giant frog skeletons
  Terence (D:3)
  9 iguanas
  Ijyb (D:3)
  6 worker ants
  19 sheep
  A tengu zombie (Crypt:1)
  3 hound zombies
  3 howler monkey zombies
  4 worker ant zombies
  8 gnolls
  34 river rats
  16 adders
  8 shadow imps
  A steam dragon skeleton (Crypt:2)
  3 white imps
  An ufetubus (Abyss:4)
  5 oozes (Sewer)
  2 adder zombies
  A halfling skeleton (Crypt:1)
  4 worms (Sewer)
  A dart slug (shapeshifter) (Vaults:4)
  2 dart slugs (D:1)
  6 giant geckos
  126 orcs
  3 ball pythons
  7 bats
  7 giant cockroaches
  5 goblins
  10 hobgoblins
  26 jackals
  21 kobolds
  5 quokkas
  2 giant gecko skeletons
  4 giant newts
  A giant newt skeleton (Crypt:2)
  2 jackal skeletons
  A jackal zombie (D:6)
  4 rats (D:2)
  A lurking horror (Abyss:1)
  2 plants
  3 starspawn tentacles
  4 tentacles (Shoals:4)
3193 creatures vanquished.

Vanquished Creatures (collateral kills)
  2 orbs of fire (Zot:5)
  A juggernaut (Depths:4)
  2 golden dragons
  A caustic shrike (Depths:4)
  An Orb Guardian (Zot:5)
  Asterion (Vaults:3)
  A deep elf master archer (Elf:3)
  A sphinx (Vaults:4)
  2 death cobs (Zot:1)
  An acid blob (Slime:5)
  3 frost giants
  A draconian knight (Zot:5)
  An emperor scorpion (Spider:2)
  A vault warden (Vaults:1)
  A draconian annihilator (Zot:3)
  4 ironheart preservers
  2 draconian shifters
  An angel (Abyss:4)
  A spriggan defender (Depths:4)
  A green draconian (Zot:2)
  A very ugly thing (Vaults:5)
  An entropy weaver (Spider:4)
  A dire elephant (Abyss:4)
  A purple draconian (Zot:3)
  A black draconian (Zot:1)
  Azrael (D:13)
  2 deep elf annihilators
  A red draconian (Zot:3)
  3 mottled draconians
  An ettin (Vaults:4)
  A deep elf death mage (Elf:2)
  A green death (Abyss:4)
  An ogre mage (Vaults:2)
  A fire dragon (Zot:3)
  A merfolk impaler (Shoals:4)
  A deep elf high priest (Elf:3)
  3 jiangshi
  An ice dragon (Vaults:2)
  A hydra (Lair:5)
  3 vault guards
  A deep troll shaman (Depths:2)
  2 satyrs
  A dancing weapon (Elf:1)
  A vampire mage (Depths:2)
  3 deep elf knights
  A deep troll earth mage (Depths:2)
  2 skeletal warriors (Vaults:2)
  An iron troll (Depths:2)
  A sun demon (Abyss:4)
  A wretched star (Abyss:4)
  3 deep elf archers
  An orc knight (Vaults:4)
  2 ironbrand convokers (Vaults:4)
  A flayed ghost (Vaults:4)
  4 phantasmal warriors
  A harpy (Vaults:2)
  A hill giant (D:11)
  2 orb spiders
  8 deep elf magi
  An ugly thing (D:14)
  A necromancer (Vaults:2)
  3 griffons
  A faun (Shoals:4)
  An orc sorcerer (Orc:1)
  A vault sentinel (Vaults:4)
  A spiny frog (Lair:6)
  A redback zombie (Spider:2)
  3 yaktaurs
  A demonic crawler (Lair:3)
  A merfolk (Shoals:4)
  A troll (Vaults:4)
  3 jumping spiders
  2 two-headed ogres
  A slime creature (Slime:5)
  A blink frog (Lair:1)
  2 tarantella zombies (Spider:2)
  10 redbacks
  A tarantella (Spider:2)
  A fire dragon skeleton (Crypt:1)
  5 yaks
  A hippogriff (Lair:6)
  A hungry ghost (D:9)
  A hell hound (D:13)
  A slave (D:7)
  9 ogres
  5 orc warriors
  2 wolves
  2 boggarts (Depths:4)
  A centaur (Vaults:4)
  2 crocodiles
  Blork the orc (D:6)
  A giant frog (D:7)
  A manticore simulacrum (Crypt:1)
  An orc priest (Vaults:3)
  An iron imp (Abyss:4)
  2 orc wizards
  A sheep (Lair:2)
  A shadow imp (D:10)
  4 orcs
  2 crawling corpses (Elf:1)
  A starspawn tentacle (Abyss:3)
176 creatures vanquished.

Vanquished Creatures (others)
  A yellow draconian (Zot:2)
  A fire dragon (Depths:5)
  A deep elf knight (Vaults:2)
  A necromancer (Depths:1)
  A deep elf mage (Vaults:2)
  A moth of wrath (Zot:5)
  A siren (Shoals:1)
  A merfolk (Shoals:4)
  2 chaos spawn (Abyss:4)
  An ogre (Vaults:2)
  A small abomination (Abyss:3)
  2 crimson imps (Depths:2)
  2 orcs
  A giant gecko skeleton (D:7)
  11 fungi
  2 lurking horrors
  22 plants
  37 spectral weapons
  21 starspawn tentacles
  5 tentacles (Shoals:4)
  9 toadstools (Lair:4)
124 creatures vanquished.

Grand Total: 3493 creatures vanquished

Notes
Turn   | Place    | Note
-------+----------+-------------------------------------------
     0 | D:1      | Gorice the Demonspawn Monk began the quest for the Orb.
     0 | D:1      | Reached XP level 1. HP: 18/18 MP: 1/1
   125 | D:1      | Reached skill level 3 in Long Blades
   222 | D:1      | Gained mutation: You have large cloven feet. [demonic ancestry]
   222 | D:1      | Reached XP level 2. HP: 24/24 MP: 2/2
  1138 | D:2      | Reached XP level 3. HP: 29/29 MP: 3/3
  1373 | D:2      | Reached skill level 4 in Long Blades
  1912 | D:2      | Found a burning altar of Makhleb.
  1918 | D:2      | Found a sparkling altar of Nemelex Xobeh.
  1923 | D:2      | Found an iron altar of Okawaru.
  1927 | D:2      | Became a worshipper of Warmaster Okawaru
  1927 | D:2      | Reached * piety under Okawaru
  1927 | D:2      | Reached ** piety under Okawaru
  2005 | D:2      | Reached XP level 4. HP: 30/35 MP: 4/4
  2250 | D:3      | Noticed Ijyb
  2252 | D:3      | Found a glowing drain.
  2270 | D:3      | Noticed Terence
  2281 | D:3      | HP: 9/35 [Terence/flail (8)]
  2295 | D:3      | HP: 9/35 [Ijyb/dagger (1)]
  2357 | D:3      | HP: 9/35 [Ijyb/dagger (3)]
  2366 | D:3      | Killed Ijyb
  2366 | D:3      | Reached skill level 5 in Long Blades
  2368 | D:3      | HP: 10/35 [goblin/club (1)]
  2619 | D:3      | Gained mutation: You regenerate a little health from kills. [demonic ancestry]
  2619 | D:3      | Reached XP level 5. HP: 31/41 MP: 5/5
  2630 | Sewer    | Entered a sewer
  3178 | Sewer    | HP: 11/41 [worm (10)]
  3187 | Sewer    | HP: 8/41 [worm (7)]
  4091 | D:3      | Killed Terence
  4091 | D:3      | Reached skill level 6 in Long Blades
  4308 | D:3      | Gained mutation: You have hoof-like feet. [demonic ancestry]
  4308 | D:3      | Reached XP level 6. HP: 40/47 MP: 6/6
  4945 | D:4      | Found a deep blue altar of Sif Muna.
  5058 | D:4      | Found a snail-covered altar of Cheibriados.
  5077 | D:4      | Got an ichor-stained ring mail
  5088 | D:4      | Identified the +9 ring mail "Suwkok" {rPois Int+2 Dex-2} (You found it on level 4 of the Dungeon)
  5088 | D:4      | --wow, I'll live with the dex -2 for that
  5351 | D:5      | Entered Level 5 of the Dungeon
  5365 | D:5      | Found a staircase to the Ecumenical Temple.
  5629 | D:5      | Found Ulaek's Gadget Boutique.
  6044 | D:5      | Reached skill level 7 in Long Blades
  6044 | D:5      | Gained mutation: A weak demonic guardian rushes to your aid. [demonic ancestry]
  6044 | D:5      | Reached XP level 7. HP: 51/53 MP: 7/7
  6073 | D:5      | Found a stormy altar of Qazlal.
  6217 | D:5      | Reached skill level 4 in Fighting
  6452 | D:5      | Found a snail-covered altar of Cheibriados.
  6618 | D:5      | Reached *** piety under Okawaru
  6686 | Temple   | Entered the Ecumenical Temple
  6864 | D:6      | Noticed Blork the orc
  6879 | D:6      | Killed Blork the orc
  6900 | D:6      | Reached skill level 8 in Long Blades
  7194 | D:6      | You fall through a shaft for 2 floors!
  7194 | D:8      | Noticed a hippogriff
  7211 | D:7      | Reached skill level 5 in Fighting
  7212 | D:7      | Noticed Duvessa
  7212 | D:7      | Noticed Dowan
  7222 | D:7      | Killed Duvessa
  7222 | D:7      | Gained mutation: You regenerate health from kills. [demonic ancestry]
  7222 | D:7      | Reached XP level 8. HP: 57/62 MP: 5/8
  7227 | D:7      | Killed Dowan
  7528 | D:6      | Reached skill level 9 in Long Blades
  8021 | D:7      | Reached skill level 6 in Fighting
  8135 | D:7      | Reached **** piety under Okawaru
  8167 | D:7      | Reached XP level 9. HP: 66/71 MP: 9/9
  8176 | D:7      | Noticed Pikel
  8188 | D:7      | Killed Pikel
  8188 | D:7      | Reached skill level 10 in Long Blades
  8470 | D:7      | Reached skill level 7 in Fighting
  8517 | D:7      | Found Miket's Assorted Antiques.
  8530 | D:7      | Bought a sapphire potion for 20 gold pieces
  8530 | D:7      | Bought a sapphire potion for 20 gold pieces
  8530 | D:7      | Bought a pair of glowing gloves for 103 gold pieces
  8681 | D:7      | Reached ***** piety under Okawaru
  8726 | D:8      | Found a large runed door.
  8761 | D:8      | Reached skill level 1 in Invocations
  8804 | D:8      | Reached skill level 2 in Invocations
  8815 | D:8      | Reached skill level 11 in Long Blades
  8831 | D:8      | Reached skill level 3 in Invocations
  8875 | D:8      | Found a runed door.
  8966 | D:8      | Found a runed door.
  8972 | D:8      | Found a runed door.
  9017 | D:8      | Found a runed door.
  9023 | D:8      | Found a runed door.
  9125 | D:8      | Gained mutation: You are partially covered in iridescent scales. (AC +2) [demonic ancestry]
  9125 | D:8      | Reached XP level 10. HP: 72/80 MP: 12/12
  9315 | D:7      | Reached skill level 4 in Invocations
  9427 | D:8      | Found a shattered altar of Ashenzari.
  9510 | D:8      | Reached skill level 8 in Fighting
  9575 | D:8      | Found a shimmering altar of Xom.
 10234 | D:9      | Reached skill level 5 in Invocations
 10278 | D:9      | Noticed an orange demon
 10279 | D:9      | Noticed an orange demon
 10766 | D:9      | Reached skill level 12 in Long Blades
 10774 | D:9      | Found a staircase to the Orcish Mines.
 11193 | D:7      | Bought a sapphire ring for 115 gold pieces
 11193 | D:7      | Bought a runed cloak for 103 gold pieces
 11287 | D:8      | Received a gift from Okawaru
 11288 | D:8      | Got a shadowed robe {god gift}
 11347 | D:10     | Entered Level 10 of the Dungeon
 11360 | D:10     | Noticed Erolcha
 11375 | D:10     | Killed Erolcha
 11375 | D:10     | Reached skill level 6 in Invocations
 11403 | D:10     | Noticed a hill giant
 11417 | D:10     | Killed a hill giant
 11417 | D:10     | Reached skill level 9 in Fighting
 11460 | D:10     | Found a runed door.
 11467 | D:10     | Found a runed door.
 11553 | D:10     | Reached XP level 11. HP: 89/89 MP: 16/16
 11565 | D:10     | Reached skill level 7 in Invocations
 11777 | D:10     | Found a runed door.
 11824 | D:10     | Found a runed door.
 12311 | D:10     | Noticed an orange crystal statue
 12434 | D:11     | Noticed a skeletal warrior
 12468 | D:11     | HP: 20/89 [skeletal warrior/long sword[a skeletal warrior] (18)]
 12473 | D:11     | HP: 9/89 [skeletal warrior/long sword[a skeletal warrior] (11)]
 12474 | D:11     | Killed a skeletal warrior
 12474 | D:11     | Reached ****** piety under Okawaru
 12474 | D:11     | Reached skill level 13 in Long Blades
 12474 | D:11     | Reached skill level 8 in Invocations
 12815 | D:11     | Found a staircase to the Lair.
 12981 | D:11     | Noticed a skeletal warrior
 12987 | D:11     | Noticed a skeletal warrior
 13186 | D:10     | Reached skill level 1 in Armour
 13289 | D:11     | Noticed a hill giant
 13305 | D:11     | Killed a hill giant
 13305 | D:11     | Reached skill level 3 in Dodging
 13335 | D:11     | Noticed a death knight
 13592 | D:11     | Noticed a green ugly thing
 13602 | D:11     | Killed a green ugly thing
 13602 | D:11     | Reached skill level 2 in Armour
 13616 | D:11     | Noticed a six-headed hydra
 13951 | D:11     | Noticed a hill giant
 14251 | D:10     | Killed a death knight
 14251 | D:10     | Received a gift from Okawaru
 14251 | D:10     | Reached skill level 4 in Dodging
 14404 | D:10     | Reached skill level 3 in Armour
 14413 | D:10     | Killed a hill giant
 14670 | D:11     | Killed a six-headed hydra
 14670 | D:11     | Reached skill level 10 in Fighting
 14670 | D:11     | Reached skill level 5 in Dodging
 14755 | D:11     | Noticed a skeletal warrior
 14768 | D:11     | Killed a skeletal warrior
 14768 | D:11     | Reached skill level 4 in Armour
 14867 | D:10     | Killed a skeletal warrior
 14995 | D:11     | Killed a skeletal warrior
 14995 | D:11     | Gained mutation: You have hooves in place of feet. [demonic ancestry]
 14995 | D:11     | Reached XP level 12. HP: 69/97 MP: 18/18
 15075 | D:11     | Found a sparkling altar of Nemelex Xobeh.
 15075 | D:11     | Noticed a sphinx
 15235 | D:11     | Upgraded the game from 0.19-a0-1206-g6bcb79c to 0.19-a0-1210-g5c1aa26
 15300 | D:11     | Identified the +1 robe of the Merchant {rF+ rN++} (Okawaru gifted it to you on level 8 of the Dungeon)
 15448 | Lair:1   | Entered Level 1 of the Lair of Beasts
 15473 | Lair:1   | Noticed Fannar
 15505 | Lair:1   | Killed Fannar
 15624 | Lair:1   | Reached skill level 5 in Armour
 15630 | Lair:1   | Reached skill level 6 in Dodging
 16076 | Lair:1   | Noticed Sonja
 16098 | Lair:1   | Killed Sonja
 16221 | Lair:1   | Received a gift from Okawaru
 16222 | Lair:1   | Got a transparent plate armour {god gift}
 16400 | Lair:1   | Identified the +7 plate armour of Xist {rCorr Int+3} (Okawaru gifted it to you on level 1 of the Lair of Beasts)
 16432 | Lair:1   | Noticed Prince Ribbit
 16441 | Lair:1   | Killed Prince Ribbit
 16743 | Lair:2   | Noticed Urug
 16759 | Lair:1   | Reached skill level 6 in Armour
 16791 | Lair:2   | Killed Urug
 16795 | Lair:2   | Reached skill level 7 in Dodging
 16860 | Lair:2   | Found a frozen archway.
 16962 | IceCv    | Entered an ice cave
 17191 | IceCv    | Reached skill level 7 in Armour
 17212 | IceCv    | Reached skill level 8 in Dodging
 17312 | IceCv    | Noticed a death yak
 17342 | IceCv    | Killed a death yak
 17801 | IceCv    | Received a gift from Okawaru
 17801 | IceCv    | Reached XP level 13. HP: 103/105 MP: 19/19
 17802 | IceCv    | Got a crude great sword {god gift}
 17808 | IceCv    | Identified the +7 great sword "Voczot Jeonn" {freeze, rC+} (Okawaru gifted it to you in an ice cave)
 17851 | IceCv    | Reached skill level 11 in Fighting
 17925 | IceCv    | Noticed a frost giant
 17939 | IceCv    | Reached skill level 9 in Dodging
 17948 | IceCv    | Killed a frost giant
 17948 | IceCv    | Reached skill level 8 in Armour
 18178 | Lair:2   | Noticed Nergalle
 18195 | Lair:2   | Killed Nergalle
 18314 | Lair:2   | Received a gift from Okawaru
 18327 | Lair:2   | Got a shimmering scale mail {god gift}
 18430 | Lair:2   | Identified the +3 scale mail "Wyatyo" {-Cast +Blink +Inv Int+4} (Okawaru gifted it to you on level 2 of the Lair of Beasts)
 18849 | Lair:3   | Reached skill level 9 in Armour
 18886 | Lair:3   | Found a hole to the Spider Nest.
 19353 | Lair:3   | Found a staircase to the Shoals.
 19766 | Lair:4   | Reached skill level 10 in Dodging
 19809 | Lair:4   | Reached skill level 10 in Armour
 20208 | Lair:4   | Found a runed door.
 20849 | Lair:5   | Received a gift from Okawaru
 20870 | Lair:5   | Reached XP level 14. HP: 113/113 MP: 20/20
 21928 | Lair:6   | Entered Level 6 of the Lair of Beasts
 22209 | Lair:5   | Reached skill level 11 in Armour
 22473 | Lair:6   | Found a viscous altar of Jiyva.
 22474 | Lair:6   | Found a staircase to the Slime Pits.
 22543 | Lair:6   | Received a gift from Okawaru
 22543 | Lair:6   | Reached skill level 14 in Long Blades
 22543 | Lair:6   | Reached skill level 11 in Dodging
 22908 | Lair:6   | Received a gift from Okawaru
 23323 | D:12     | Found a labyrinth entrance.
 23363 | Lab      | Entered a labyrinth
 23424 | Lab      | Noticed p0werm0de's ghost (journeyman OpSu)
 23433 | Lab      | Killed p0werm0de's ghost
 23646 | Lab      | Reached skill level 12 in Armour
 23655 | Lab      | Received a gift from Okawaru
 23662 | Lab      | Got a warped greatsling {god gift}
 23740 | Lab      | Got an ancient platinum ring
 23743 | Lab      | Got a transparent great mace {crush}
 23753 | Lab      | Identified the ring "Ofidaoxi" {AC+4 Int+3} (You took it off a minotaur in a labyrinth)
 23765 | Lab      | Identified the +0 greatsling of Linearity {venom, *Contam rF+ rN++} (Okawaru gifted it to you in a labyrinth)
 23780 | D:12     | Gained mutation: Your magical capacity is low. (-10% MP) [mutagenic glow]
 24311 | D:12     | Got a smoking jade ring
 24352 | D:12     | Identified the ring "Hipir" {rC- Str+8 Int-3 Dex+4 Slay+3} (You found it on level 12 of the Dungeon)
 24569 | D:13     | Noticed Maurice
 24580 | D:13     | Killed Maurice
 24583 | D:13     | Found a white marble altar of Elyvilon.
 24746 | D:13     | Found a gate to the Vaults.
 24761 | D:13     | Noticed Azrael
 24775 | D:13     | HP: 33/113 [poisoned by a green ugly thing]
 24782 | D:13     | Gained mutation: A demonic guardian rushes to your aid. [demonic ancestry]
 24782 | D:13     | Reached XP level 15. HP: 40/119 MP: 18/18
 24903 | D:13     | Killed Azrael
 24974 | D:13     | Upgraded the game from 0.19-a0-1210-g5c1aa26 to 0.19-a0-1216-g363869b
 25078 | D:13     | Reached skill level 12 in Dodging
 25565 | Orc:1    | Entered Level 1 of the Orcish Mines
 25685 | Orc:2    | Entered Level 2 of the Orcish Mines
 25685 | Orc:2    | Found Zatwoq's General Store.
 25836 | Orc:2    | Bought a scroll of blinking for 112 gold pieces
 25836 | Orc:2    | Bought a potion of agility for 60 gold pieces
 26031 | Orc:1    | Received a gift from Okawaru
 26164 | Orc:1    | Noticed an orc warlord
 26256 | Orc:1    | Killed an orc warlord
 26267 | Orc:1    | Reached skill level 13 in Armour
 26310 | Orc:1    | Noticed an orc warlord
 26344 | Orc:1    | Killed an orc warlord
 26532 | Orc:1    | Identified Advanced Steps in Witchcraft
 26693 | Orc:2    | Found Feesined's Antique Armour Shop.
 26888 | Orc:1    | Paralysed by an orc sorcerer for 3 turns
 26983 | Orc:2    | Found a staircase to the Elven Halls.
 27048 | Orc:2    | Found a roughly hewn altar of Beogh.
 27183 | Orc:2    | Noticed an orc warlord
 27185 | Orc:2    | HP: 32/119 [orc high priest/divine providence (13)]
 27295 | Orc:2    | Killed an orc warlord
 27295 | Orc:2    | Reached skill level 13 in Dodging
 27311 | Orc:2    | Found Rooduysm's Antique Weapon Boutique.
 27332 | Orc:2    | Found Ytrampo's Jewellery Shop.
 27342 | Orc:2    | Bought a cursed amulet of inaccuracy for 24 gold pieces
 27917 | Orc:2    | Bought the ring of Sin {+Fly Dex+6} for 445 gold pieces
 28563 | D:14     | Received a gift from Okawaru
 28668 | D:14     | Got a bone rapier
 29249 | D:15     | Entered Level 15 of the Dungeon
 29515 | D:15     | Found a staircase to the Depths.
 29546 | D:15     | Noticed a fire giant
 29562 | D:15     | HP: 32/119 [fire giant/great sword of flaming (10)]
 29563 | D:15     | Killed a fire giant
 29563 | D:15     | Reached skill level 14 in Armour
 29738 | D:15     | Found Xuebeff's Magic Scroll Emporium.
 29741 | D:15     | Bought a scroll of identify for 20 gold pieces
 29741 | D:15     | Bought a scroll of identify for 20 gold pieces
 29741 | D:15     | Bought a scroll of identify for 20 gold pieces
 29748 | D:15     | Reached skill level 5 in Evocations
 29748 | D:15     | Gained mutation: You are mostly covered in iridescent scales. (AC +4) [demonic ancestry]
 29748 | D:15     | Reached XP level 16. HP: 125/125 MP: 19/19
 30239 | Lair:1   | Identified the +11 rapier "Bobulaonee" {elec, +Rage +Inv Str-3 Dex+4} (You found it on level 14 of the Dungeon)
 30344 | Spider:1 | Entered Level 1 of the Spider Nest
 30361 | Lair:3   | Reached skill level 1 in Throwing
 30362 | Lair:3   | Gained mutation: You are completely covered in iridescent scales. (AC +6) [demonic ancestry]
 30362 | Lair:3   | Reached XP level 17. HP: 110/131 MP: 0/20
 30485 | Lair:3   | Reached skill level 2 in Throwing
 30548 | Spider:1 | Reached skill level 3 in Throwing
 30654 | Spider:1 | Reached skill level 4 in Throwing
 30848 | Spider:1 | Reached skill level 5 in Throwing
 30904 | Spider:1 | Received a gift from Okawaru
 31122 | Spider:2 | Reached skill level 6 in Throwing
 31239 | Spider:2 | Reached skill level 7 in Throwing
 31256 | Spider:2 | Received a gift from Okawaru
 31341 | Spider:2 | Noticed Arachne
 31361 | Spider:2 | Killed Arachne
 31361 | Spider:2 | Received a gift from Okawaru
 31361 | Spider:2 | Reached skill level 8 in Throwing
 31780 | Spider:2 | Reached skill level 9 in Throwing
 31862 | Spider:2 | Learned a level 1 spell: Apportation
 31865 | Spider:2 | Learned a level 2 spell: Blink
 31869 | Spider:2 | Learned a level 3 spell: Portal Projectile
 32251 | Spider:2 | Reached skill level 10 in Throwing
 32852 | Spider:3 | Reached skill level 14 in Dodging
 33053 | Spider:3 | Reached skill level 6 in Evocations
 33291 | Spider:4 | Entered Level 4 of the Spider Nest
 33401 | Spider:4 | Gained mutation: Your natural rate of healing is unusually fast. [potion of beneficial mutation]
 33546 | Spider:4 | Reached XP level 18. HP: 138/138 MP: 21/21
 33710 | Spider:4 | Reached skill level 7 in Evocations
 33723 | Spider:4 | Received a gift from Okawaru
 34628 | Spider:4 | Reached skill level 8 in Evocations
 35034 | Spider:4 | Reached skill level 9 in Evocations
 35038 | Spider:4 | Reached skill level 15 in Dodging
 35115 | Spider:4 | Got a gossamer rune of Zot
 35585 | Vaults:1 | Entered Level 1 of the Vaults
 35753 | Vaults:1 | Received a gift from Okawaru
 35982 | Vaults:1 | Received a gift from Okawaru
 36086 | Vaults:1 | Received a gift from Okawaru
 36086 | Vaults:1 | Reached skill level 10 in Evocations
 36107 | Vaults:1 | Reached skill level 2 in Stealth
 36119 | Vaults:1 | Received a gift from Okawaru
 36245 | D:13     | Reached skill level 3 in Stealth
 36302 | Vaults:1 | Reached skill level 4 in Stealth
 36531 | Vaults:1 | Received a gift from Okawaru
 36567 | Vaults:1 | Found Cydich's Gadget Shop.
 36628 | Vaults:1 | Reached skill level 5 in Stealth
 36936 | Vaults:1 | Reached skill level 6 in Stealth
 37170 | Vaults:1 | Reached skill level 7 in Stealth
 37186 | Vaults:1 | Reached skill level 16 in Dodging
 37299 | Vaults:1 | Gained mutation: A powerful demonic guardian rushes to your aid. [demonic ancestry]
 37299 | Vaults:1 | Reached XP level 19. HP: 137/144 MP: 23/23
 37398 | Vaults:2 | Reached skill level 8 in Stealth
 37406 | Vaults:2 | Received a gift from Okawaru
 37432 | Vaults:2 | Got a crystal lajatang {god gift}
 37472 | Vaults:2 | Learned a level 2 spell: Repel Missiles
 37475 | Vaults:2 | Learned a level 2 spell: Swiftness
 37955 | Vaults:2 | Reached skill level 9 in Stealth
 37957 | Vaults:2 | Noticed Mennas
 37979 | Vaults:2 | HP: 29/144 [Mennas/scimitar of holy wrath (28)]
 37987 | Vaults:2 | HP: 39/144 [deep elf archer/arrow (1)]
 37999 | Vaults:2 | HP: 40/144 [Mennas/scimitar of holy wrath (10)]
 38008 | Vaults:2 | HP: 33/144 [Mennas/scimitar of holy wrath (10)]
 38021 | Vaults:2 | Noticed a Tzitzimitl
 38076 | Vaults:2 | HP: 43/144 [Mennas/scimitar of holy wrath (5)]
 38087 | Vaults:2 | HP: 36/144 [stone giant/large rock (26)]
 38490 | Shoals:1 | Entered Level 1 of the Shoals
 38514 | Shoals:1 | Reached skill level 10 in Stealth
 38899 | Shoals:1 | Noticed Nikola
 38924 | Shoals:1 | Killed Nikola
 38954 | Shoals:1 | Received a gift from Okawaru
 39100 | Shoals:2 | Noticed Polyphemus
 39160 | Shoals:1 | Reached skill level 11 in Stealth
 39187 | Shoals:2 | Killed Polyphemus
 39187 | Shoals:2 | Reached skill level 15 in Armour
 39967 | Shoals:3 | Reached skill level 12 in Stealth
 39973 | Shoals:3 | Received a gift from Okawaru
 40370 | Shoals:3 | Received a gift from Okawaru
 40619 | Shoals:4 | Entered Level 4 of the Shoals
 40668 | Shoals:4 | Received a gift from Okawaru
 41059 | Shoals:4 | Reached skill level 16 in Armour
 41066 | Shoals:4 | HP: 26/144 [merfolk javelineer/poisoned javelin (25)]
 41157 | Shoals:4 | Received a gift from Okawaru
 41276 | Shoals:4 | Got a polished triple sword {god gift}
 41320 | Shoals:4 | HP: 38/144 [drowned by a drowned soul[a merfolk avatar] (9)]
 41321 | Shoals:4 | Noticed Ilsuiw
 41359 | Shoals:4 | Killed Ilsuiw
 41533 | Lair:3   | Identified the +1 triple sword of Indomitability {venom, +Fly rElec SInv} (Okawaru gifted it to you on level 4 of the Shoals)
 41875 | Shoals:4 | Received a gift from Okawaru
 41990 | Shoals:4 | Reached XP level 20. HP: 105/152 MP: 24/24
 42101 | Shoals:4 | Got a clouded amber ring
 42231 | Shoals:4 | Got a barnacled rune of Zot
 42351 | Shoals:4 | Reached skill level 12 in Fighting
 42735 | Lair:1   | Identified the ring of the Thistle {rN+ Stlth-} (You took it off a merfolk on level 4 of the Shoals)
 43116 | D:5      | Bought a wand of teleportation (6/9) for 330 gold pieces
 43459 | Vaults:2 | Reached skill level 15 in Long Blades
 43879 | Vaults:2 | Noticed Margery
 43895 | Vaults:2 | Killed Margery
 44163 | Vaults:2 | Killed Mennas
 44210 | Vaults:2 | Received a gift from Okawaru
 44248 | Vaults:2 | Reached skill level 16 in Long Blades
 44903 | Vaults:3 | Noticed Asterion
 44918 | Vaults:3 | Killed Asterion
 44918 | Vaults:3 | Reached skill level 13 in Fighting
 45166 | Vaults:3 | Received a gift from Okawaru
 45408 | Vaults:3 | Received a gift from Okawaru
 46188 | Vaults:3 | Reached skill level 17 in Long Blades
 46484 | Vaults:3 | Reached XP level 21. HP: 164/164 MP: 25/25
 46831 | Vaults:3 | Found a staircase to the Crypt.
 47199 | Vaults:4 | HP: 44/164 [titan (7)]
 47221 | Vaults:4 | HP: 25/164 [tengu reaver/bolt of lightning (34)]
 47227 | Vaults:4 | HP: 42/164 [frost giant/battleaxe of freezing (15)]
 47389 | Vaults:4 | Got a shimmering lapis lazuli ring
 47401 | Vaults:3 | Identified the ring "Rifoissa" {+Fly rPois rF++ Str-3 Stlth+} (You took it off an ironbrand convoker on level 4 of the Vaults)
 47438 | Vaults:4 | Received a gift from Okawaru
 47457 | Vaults:4 | Reached skill level 14 in Fighting
 47701 | Vaults:4 | Got a jewelled demon blade {god gift}
 47855 | D:13     | Identified the +7 demon blade of Insufficient Pleasure {elec, Dex+4} (Okawaru gifted it to you on level 4 of the Vaults)
 48012 | Vaults:4 | Found Fane's Jewellery Emporium.
 48261 | Vaults:4 | Received a gift from Okawaru
 48273 | Vaults:4 | Got a polished plate armour {god gift}
 48404 | Vaults:4 | Reached skill level 18 in Long Blades
 48892 | D:13     | Identified the +0 plate armour of Vugyh {rElec rC+} (Okawaru gifted it to you on level 4 of the Vaults)
 49104 | Elf:1    | Entered Level 1 of the Elven Halls
 49418 | Elf:1    | Identified Sif Muna's Grimoire of Creative Confrontation
 49579 | Elf:1    | Noticed Donald
 49599 | Elf:1    | Killed Donald
 50557 | Elf:2    | Reached skill level 15 in Fighting
 50563 | Elf:2    | Found a huge runed gate.
 50563 | Elf:2    | Found a huge runed gate.
 50563 | Elf:2    | Found a huge runed gate.
 50565 | Elf:2    | Found a huge runed gate.
 50566 | Elf:2    | Found a huge runed gate.
 50731 | Elf:2    | Noticed Roxanne
 50885 | Elf:2    | Reached skill level 1 in Charms
 50935 | Elf:2    | Reached skill level 1 in Spellcasting
 51030 | Elf:2    | Received a gift from Okawaru
 51091 | Elf:2    | Reached skill level 2 in Charms
 51313 | Elf:2    | Reached skill level 2 in Spellcasting
 51313 | Elf:2    | Gained mutation: You are robust. (+10% HP) [demonic ancestry]
 51313 | Elf:2    | Reached XP level 22. HP: 121/192 MP: 23/26
 51337 | Elf:2    | Reached skill level 3 in Charms
 51413 | Elf:2    | Reached skill level 19 in Long Blades
 51679 | Lair:1   | Learned a level 3 spell: Regeneration
 51899 | Elf:3    | Entered Level 3 of the Elven Halls
 52088 | Elf:3    | Reached skill level 4 in Charms
 52135 | Elf:3    | Identified the Incunabulum of Darkness
 52272 | Elf:3    | Received a gift from Okawaru
 52351 | Elf:3    | Found Nuoleman's Weapon Boutique.
 52502 | Elf:3    | Reached skill level 3 in Spellcasting
 52559 | Elf:3    | Reached skill level 5 in Charms
 52657 | Elf:3    | Got a flickering garnet amulet
 52863 | Elf:3    | Reached skill level 6 in Charms
 52928 | Elf:3    | Reached skill level 4 in Spellcasting
 52983 | Elf:3    | HP: 47/192 [deep elf master archer/arrow (28)]
 53479 | Elf:3    | Received a gift from Okawaru
 53553 | Elf:3    | Reached skill level 7 in Charms
 53630 | Elf:3    | Identified the amulet of the Establishment {Gourm Int+5} (You took it off a deep elf death mage on level 3 of the Elven Halls)
 53637 | Elf:3    | Got a brightly glowing amber ring
 53639 | Elf:3    | Identified the ring of Ylomp {*Tele *Corrode rPois Int+4 Slay+5} (You found it on level 3 of the Elven Halls)
 54314 | Elf:3    | Identified the Disquisition on Glacial Necromancy
 54652 | Lair:1   | Upgraded the game from 0.19-a0-1216-g363869b to 0.19-a0-1223-gf83d13a
 54765 | Depths:1 | Entered Level 1 of the Depths
 54792 | Depths:1 | Found a gateway to Hell.
 55111 | Depths:1 | Reached skill level 5 in Spellcasting
 55235 | Depths:1 | Reached skill level 8 in Charms
 55408 | Depths:1 | Reached skill level 1 in Translocations
 55468 | Depths:1 | Reached skill level 2 in Translocations
 55498 | Depths:1 | Received a gift from Okawaru
 55650 | Depths:1 | Reached skill level 3 in Translocations
 55767 | Depths:1 | Received a gift from Okawaru
 55883 | Depths:1 | Found an iron altar of Okawaru.
 55966 | Depths:1 | Noticed eragonby's ghost (adept MiFi)
 56003 | Depths:1 | Killed eragonby's ghost
 56003 | Depths:1 | Reached skill level 4 in Translocations
 56196 | Depths:1 | Reached skill level 6 in Spellcasting
 56385 | Depths:2 | Received a gift from Okawaru
 56386 | Depths:2 | Noticed Aizul
 56390 | Depths:2 | Got a jewelled cloak {god gift}
 56405 | Depths:2 | Identified the +1 cloak "Exephubb" {rF+ rC+ Str+4} (Okawaru gifted it to you on level 2 of the Depths)
 56489 | Depths:2 | Gained mutation: You are very robust. (+20% HP) [demonic ancestry]
 56489 | Depths:2 | Reached XP level 23. HP: 207/217 MP: 29/29
 56499 | Depths:2 | Reached skill level 5 in Translocations
 56730 | Depths:2 | Killed Aizul
 56732 | Depths:2 | Reached skill level 6 in Translocations
 56742 | Depths:2 | HP: 67/232 [frost giant/bolt of cold (13)]
 56747 | Depths:1 | HP: 66/232 [poisoned by a redback]
 56814 | Depths:2 | Found a snail-covered altar of Cheibriados.
 57237 | Depths:2 | Found a gateway to a ziggurat.
 57345 | Depths:2 | Found a one-way gate to the infinite horrors of the Abyss.
 57560 | Depths:2 | Reached skill level 7 in Spellcasting
 57712 | Depths:2 | Reached skill level 7 in Translocations
 58446 | Depths:3 | Paralysed by a giant eyeball for 4 turns
 58553 | Depths:3 | Reached skill level 20 in Long Blades
 58657 | Depths:2 | Received a gift from Okawaru
 58665 | Depths:2 | Got a transparent great sword {god gift}
 58666 | Depths:2 | Identified the +1 great sword "Banisher" {antimagic, Fragile Str+6 Dex+2} (Okawaru gifted it to you on level 2 of the Depths)
 58938 | Depths:3 | Reached skill level 8 in Spellcasting
 59062 | Depths:3 | Reached skill level 8 in Translocations
 59160 | Depths:3 | HP: 66/232 [ettin (illusionary)/dire flail (15)]
 59586 | Depths:3 | Reached skill level 9 in Spellcasting
 59593 | Depths:3 | Received a gift from Okawaru
 59853 | Depths:3 | Found a one-way gate leading to the halls of Pandemonium.
 60577 | Crypt:1  | Entered Level 1 of the Crypt
 60577 | Crypt:1  | Noticed Frederick
 60602 | Crypt:1  | Killed Frederick
 61102 | Crypt:1  | Reached skill level 21 in Long Blades
 61190 | Crypt:1  | Received a gift from Okawaru
 61269 | Crypt:1  | Gained mutation: You regenerate a lot of health from kills. [demonic ancestry]
 61269 | Crypt:1  | Reached XP level 24. HP: 213/225 MP: 32/32
 61578 | Crypt:2  | Received a gift from Okawaru
 61579 | Crypt:2  | Got an ichor-stained ring mail {god gift}
 61770 | Crypt:2  | HP: 72/240 [vampire knight/vampiric draining (7)]
 62609 | Crypt:2  | Identified the +1 ring mail of Inviolability {rN++ Str+4 Int-3} (Okawaru gifted it to you on level 2 of the Crypt)
 62659 | Crypt:3  | Entered Level 3 of the Crypt
 63048 | Crypt:3  | Found an ancient bone altar of Kikubaaqudgha.
 63210 | Crypt:3  | Reached skill level 22 in Long Blades
 63517 | Crypt:3  | Learned a level 3 spell: Spectral Weapon
 63539 | Crypt:3  | Reached skill level 1 in Hexes
 63719 | Crypt:3  | Reached skill level 2 in Hexes
 63728 | Crypt:3  | HP: 70/240 [flayed ghost/flay_damage (31)]
 63735 | Crypt:3  | HP: 57/240 [phantasmal warrior (22)]
 63741 | Crypt:3  | HP: 37/240 [flayed ghost (7)]
 63964 | Crypt:3  | Reached skill level 3 in Hexes
 64074 | Crypt:3  | Received a gift from Okawaru
 64135 | Crypt:3  | Noticed an ancient lich
 64152 | Crypt:3  | HP: 71/240 [???[an ancient lich] (55)]
 64158 | Crypt:3  | HP: 54/240 [phantasmal warrior (25)]
 64355 | Crypt:3  | Reached skill level 4 in Hexes
 64379 | Crypt:3  | Killed an ancient lich
 64383 | Crypt:3  | Received a gift from Okawaru
 64423 | Crypt:3  | Found a staircase to the Tomb.
 64556 | Crypt:3  | Reached skill level 5 in Hexes
 65214 | Depths:4 | Received a gift from Okawaru
 65215 | Depths:4 | Got a jewelled ring mail {god gift}
 65257 | Depths:3 | Identified the +5 ring mail of the Farrier {-Tele rC+ Dex+2} (Okawaru gifted it to you on level 4 of the Depths)
 65475 | Depths:3 | Reached skill level 6 in Hexes
 65839 | Depths:4 | Found a runed door.
 65839 | Depths:4 | Noticed a juggernaut
 65862 | Depths:4 | Killed a juggernaut
 65864 | Depths:4 | Gained mutation: You are extremely robust. (+30% HP) [demonic ancestry]
 65864 | Depths:4 | Reached XP level 25. HP: 240/252 MP: 32/32
 65870 | Depths:4 | Reached skill level 9 in Invocations
 65879 | Depths:4 | Reached skill level 23 in Long Blades
 66135 | Depths:4 | Reached skill level 10 in Invocations
 66185 | Depths:4 | Noticed a juggernaut
 66198 | Depths:4 | Killed a juggernaut
 66536 | Depths:4 | Received a gift from Okawaru
 66654 | D:15     | Identified a scroll of acquirement
 66723 | Depths:5 | Entered Level 5 of the Depths
 67084 | Depths:5 | Received a gift from Okawaru
 67180 | Depths:5 | Got a shimmering helmet
 67191 | Depths:5 | Identified the +1 helmet "Weamiec" {rC++} (You found it on level 5 of the Depths)
 67429 | Depths:5 | Received a gift from Okawaru
 67438 | Depths:5 | HP: 73/268 [frost giant/bolt of cold (31)]
 67650 | Depths:5 | Received a gift from Okawaru
 68079 | Depths:5 | Received a gift from Okawaru
 68096 | Depths:5 | Reached skill level 16 in Fighting
 68100 | Depths:5 | Got a brightly glowing plate armour {god gift}
 68120 | Depths:5 | Found a gate to the Realm of Zot.
 68140 | Depths:5 | Identified the +10 plate armour of Tulips {rN+ Regen+ Int+7 Slay-5} (Okawaru gifted it to you on level 5 of the Depths)
 68609 | Vaults:5 | Entered Level 5 of the Vaults
 68790 | Vaults:5 | Reached skill level 24 in Long Blades
 69308 | Vaults:5 | Reached skill level 17 in Fighting
 69320 | Vaults:5 | Reached XP level 26. HP: 230/270 MP: 29/32
 69575 | Vaults:5 | Received a gift from Okawaru
 69730 | Vaults:5 | Reached skill level 17 in Dodging
 70388 | Vaults:5 | Reached skill level 18 in Fighting
 70396 | Vaults:5 | Received a gift from Okawaru
 71110 | Vaults:5 | Reached skill level 18 in Dodging
 71250 | Vaults:5 | Got a silver rune of Zot
 72210 | Slime:1  | Entered Level 1 of the Pits of Slime
 72212 | Slime:1  | Gained mutation: Your magical capacity is very low. (-20% MP) [a shining eye]
 72397 | Lair:6   | Reached skill level 19 in Fighting
 73048 | Slime:5  | Entered Level 5 of the Pits of Slime
 73081 | Slime:5  | Received a gift from Okawaru
 73093 | Slime:5  | Gained mutation: You are agile. (Dex +2) [a shining eye]
 73181 | Slime:5  | Reached XP level 27. HP: 288/288 MP: 26/28
 73393 | Slime:5  | Noticed the Royal Jelly
 73409 | Slime:5  | Found a viscous altar of Jiyva.
 73420 | Slime:5  | Killed the Royal Jelly
 73604 | Slime:5  | Got a slimy rune of Zot
 73620 | Slime:5  | Identified a +3 rod of shadows (10/10) (You found it on level 5 of the Pits of Slime)
 74230 | Lair:1   | Upgraded the game from 0.19-a0-1223-gf83d13a to 0.19-a0-1225-gf887c1c
 74487 | Zot:1    | Entered Level 1 of the Realm of Zot
 74504 | Depths:5 | Reached skill level 19 in Dodging
 74751 | Zot:1    | Noticed an orb of fire
 74753 | Zot:1    | Gained mutation: Armour fits poorly on your strangely shaped body. [an orb of fire]
 74764 | Zot:1    | Killed an orb of fire
 74764 | Zot:1    | Reached skill level 20 in Fighting
 75162 | Zot:1    | Received a gift from Okawaru
 76161 | Zot:2    | Reached skill level 20 in Dodging
 76377 | Zot:2    | Reached skill level 21 in Fighting
 76886 | Zot:2    | Received a gift from Okawaru
 77814 | Zot:3    | Received a gift from Okawaru
 77874 | Zot:3    | Received a gift from Okawaru
 78067 | Zot:3    | Reached skill level 21 in Dodging
 78184 | Zot:3    | Reached skill level 22 in Fighting
 78572 | Zot:4    | Noticed an orb of fire
 78580 | Zot:4    | Gained mutation: You expend magic power (3 MP) to strengthen your wands. [an orb of fire]
 78584 | Zot:4    | Gained mutation: Scrolls take you a little longer to read. [an orb of fire]
 78590 | Zot:4    | Killed an orb of fire
 78592 | Zot:4    | Lost mutation: Scrolls take you a little longer to read. [potion of cure mutation]
 78592 | Zot:4    | Lost mutation: You expend magic power (3 MP) to strengthen your wands. [potion of cure mutation]
 78592 | Zot:4    | Lost mutation: Armour fits poorly on your strangely shaped body. [potion of cure mutation]
 78592 | Zot:4    | Lost mutation: You are agile. (Dex +2) [potion of cure mutation]
 78592 | Zot:4    | Lost mutation: Your magical capacity is very low. (-20% MP) [potion of cure mutation]
 78592 | Zot:4    | Lost mutation: Your magical capacity is low. (-10% MP) [potion of cure mutation]
 78782 | Zot:4    | Got a vibrating pewter ring
 78783 | Zot:4    | Identified the ring of the Harvest {+Fly Stlth+} (You took it off a draconian zealot on level 4 of the Realm of Zot)
 79071 | Zot:4    | Received a gift from Okawaru
 79698 | Lair:1   | Learned a level 1 spell: Summon Butterflies
 79703 | Lair:1   | Learned a level 4 spell: Passage of Golubria
 79880 | Depths:2 | Voluntarily entered the Abyss.
 79971 | Abyss:1  | Reached skill level 1 in Summonings
 80306 | Abyss:1  | Reached skill level 2 in Summonings
 80477 | Abyss:2  | Reached skill level 3 in Summonings
 80771 | Abyss:3  | Reached skill level 4 in Summonings
 80836 | Abyss:3  | Received a gift from Okawaru
 80907 | Abyss:3  | Reached skill level 22 in Dodging
 80985 | Abyss:3  | Reached skill level 5 in Summonings
 81249 | Abyss:3  | Reached skill level 6 in Summonings
 81447 | Abyss:4  | Found a corrupted altar of Lugonu.
 81455 | Abyss:4  | Reached skill level 7 in Summonings
 81459 | Abyss:4  | Got an abyssal rune of Zot
 81484 | Abyss:4  | Paralysed by accursed screaming for 1 turns
 81518 | Abyss:4  | Received a gift from Okawaru
 81583 | Abyss:4  | Reached skill level 8 in Summonings
 81689 | Abyss:4  | Reached skill level 17 in Armour
 81932 | Abyss:4  | Reached skill level 23 in Fighting
 81951 | Depths:2 | Escaped the Abyss
 82177 | Zot:5    | Entered Level 5 of the Realm of Zot
 82321 | Zot:5    | Noticed an orb of fire
 82341 | Zot:5    | Killed an orb of fire
 82398 | Zot:5    | Noticed an ancient lich
 82415 | Zot:5    | Killed an ancient lich
 82537 | Zot:5    | Gained mutation: Your body sometimes deteriorates upon taking damage. [a neqoxec]
 82558 | Zot:5    | Noticed an orb of fire
 82559 | Zot:5    | Gained mutation: Your mind is acute. (Int +2) [an orb of fire]
 82562 | Zot:5    | Gained mutation: You occasionally shout uncontrollably at your foes. [an orb of fire]
 82564 | Zot:5    | Gained mutation: You are weak. (Str -2) [an orb of fire]
 82566 | Zot:5    | Killed an orb of fire
 82583 | Zot:5    | arkorax: how do you get the damage taken text down there? :O
 82583 | Zot:5    | Gorice: it's a Lua script in my RC file
 82583 | Zot:5    | arkorax: Lua?
 82583 | Zot:5    | Gorice: lightweight scriping language built into crawl
 82583 | Zot:5    | arkorax: ty
 82583 | Zot:5    | Gorice: let me see if I can find the link to my RC file...
 82583 | Zot:5    | Gorice: look at the bottom of this file for the code:
 82583 | Zot:5    | Gorice: http://crawl.xtahua.com/crawl/rcfiles/crawl-git/Gorice.rc
 82583 | Zot:5    | arkorax: thanks a lot
 82583 | Zot:5    | Gorice: you can just cut and paste it into your rc file
 82583 | Zot:5    | arkorax: also
 82583 | Zot:5    | Gorice: There are cleverer versions out there but it does for me
 82583 | Zot:5    | arkorax: do you happen to be from slovenia?
 82583 | Zot:5    | Gorice: Heh, no fraid not, English
 82598 | Zot:5    | arkorax: well thanksa lot :)
 82599 | Zot:5    | arkorax: cya and gl
 82601 | Zot:5    | Reached skill level 18 in Armour
 82627 | Zot:5    | Noticed an orb of fire
 82627 | Zot:5    | Gained mutation: You are clumsy. (Dex -2) [an orb of fire]
 82631 | Zot:5    | Gained mutation: You expend magic power (3 MP) to strengthen your wands. [an orb of fire]
 82649 | Zot:5    | Killed an orb of fire
 82656 | Zot:5    | Noticed an ancient lich
 82680 | Zot:5    | Killed an ancient lich
 82680 | Zot:5    | Received a gift from Okawaru
 82681 | Zot:5    | Noticed an orb of fire
 82682 | Zot:5    | Noticed an orb of fire
 82689 | Zot:5    | Noticed an ancient lich
 82689 | Zot:5    | HP: 92/323 [orb of fire/bolt of fire (93)]
 82701 | Zot:4    | Lost mutation: You occasionally shout uncontrollably at your foes. [potion of cure mutation]
 82701 | Zot:4    | Lost mutation: Your natural rate of healing is unusually fast. [potion of cure mutation]
 82701 | Zot:4    | Lost mutation: You expend magic power (3 MP) to strengthen your wands. [potion of cure mutation]
 82701 | Zot:4    | Lost mutation: Your body sometimes deteriorates upon taking damage. [potion of cure mutation]
 82701 | Zot:4    | Lost mutation: You are clumsy. (Dex -2) [potion of cure mutation]
 82885 | Zot:5    | Killed an orb of fire
 82894 | Zot:5    | HP: 85/323 [electric golem/bolt of lightning (33)]
 82901 | Zot:5    | Killed an orb of fire
 82949 | Zot:5    | Got a bloodstained great sword {god gift}
 82950 | Zot:5    | Identified the +3 great sword of Abuse {freeze, rF+ Str+6 Int+4} (Okawaru gifted it to you on level 5 of the Realm of Zot)
 82999 | Zot:5    | Reached skill level 24 in Fighting
 83036 | Zot:5    | Got a brightly glowing great sword
 83037 | Zot:5    | Identified the +3 great sword of Recklessness {slice, rF++ rN+} (You found it on level 5 of the Realm of Zot)
 83080 | Zot:5    | Received a gift from Okawaru
 83203 | Zot:5    | Reached skill level 19 in Armour
 83218 | Zot:5    | Got the Orb of Zot
 83222 | Zot:5    | Noticed an ancient lich
 83240 | Zot:4    | Killed an ancient lich
 83240 | Zot:4    | Received a gift from Okawaru
 83370 | Depths:5 | Gained mutation: Armour fits poorly on your strangely shaped body. [a neqoxec]
 83371 | Depths:5 | Lost mutation: Your mind is acute. (Int +2) [a neqoxec]
 83605 | D:11     | Noticed a seraph
 83795 | D:1      | Noticed Hoduc the pandemonium lord
 83810 | D:1      | Killed Hoduc the pandemonium lord
 83912 | D:$      | Escaped with the Orb!

Vault maps used:
D:1:      dpeg_arrival_round_c
D:2:      minmay_door_path, minitemple
D:3:      gup_sewer_entry_glass, hex_large, uniq_iyjb, uniq_terence
D:4:      lemuel_blue_sif_altar, old_standard_altar, first_bread
D:5:      marbit_many_paths, serial_shops, shop, cheibriados_altar_wand_db
D:6:      uniq_blork_the_orc
D:7:      serial_shops, nicolae_shop_window_shopping, the_bakery, uniq_pikel,
          uniq_duvessa
D:8:      erik_cavepeople, serial_co_window_serial, co_window_of_opportunity_a,
          co_window_paths_a, co_window_paths_b, co_window_paths_a,
          co_window_paths_a, co_window_broadway_c, co_window_paths_c,
          co_window_broadway_a, co_window_corner_b, co_window_of_opportunity_b,
          co_window_unsneaky_path_c, co_window_unsneaky_path_a, glass_columns_b,
          glass_columns_c, glass_columns_a, basic_altar, xom_teletrap_fun
D:9:      minmay_cornered_nines, erik_orc_2
D:10:     serial_undead, serial_undead_c, serial_undead_a, serial_undead_d,
          serial_undead_b, st_stairs_10, minmay_statue_crystal_thing,
          uniq_erolcha
D:11:     david_lair_generic, hex_tiny, grunt_nemelex_the_gamble
D:12:     lab_entry_generic, minmay_misc_feat_diagonals
D:13:     david_vaults_2, elyvilon_altar_3, uniq_maurice, uniq_azrael
D:15:     grunt_enter_depths_giant_problem, minmay_tree_intersection,
          serial_shops, nicolae_shop_behind_doors
Temple:   regret_index_temple_waves
Lair:1:   minmay_holes, lemuel_fruit_tree, uniq_prince_ribbit2, uniq_sonja,
          uniq_fannar
Lair:2:   portal_ice_cave_entry_ice_beasts, bh_autumn_forest_stairs,
          uniq_nergalle, uniq_urug
Lair:3:   elwin_shoals_entry_rocks, spider_nest_entry_rubble, st_stairs_11,
          serial_bayou_lake_a
Lair:4:   gammafunk_lair_enchanted_lake
Lair:5:   bobbens_ice_dragon_lair
Lair:6:   minmay_lair_end_frog_pond, slime_altar_1
Shoals:1: uniq_nikola
Shoals:2: uniq_polyphemus
Shoals:4: shoals_end_hangedman, shoal_ilsuiw, nicolae_shoals_circle_sea_wall,
          nicolae_shoals_seven_spires
Spider:2: lemuel_spider_zombies, uniq_arachne
Spider:4: spider_rune_water
Slime:2:  cheibrodos_slime_lost_civilization_7
Slime:4:  nicolae_slime_welcoming_committee
Orc:1:    minmay_orc_treasury
Orc:2:    grunt_orc_gardens, grunt_orc_garden, grunt_orc_garden,
          grunt_orc_garden, grunt_orc_garden, basic_altar
Elf:1:    minmay_elf_sorcery, feat_on_display, uniq_donald
Elf:2:    grunt_megastairs_3, uniq_roxanne
Elf:3:    minmay_elf_hall, serial_shops, shop_statue, minmay_elf_necromancy
Vaults:1: vaults_dpeg_diagonal, nicolae_vaults_mini_display_case,
          grunt_vaults_funnel, ontoclasm_vaults_loading_screen,
          nicolae_vaults_branching_niches, ontoclasm_vaults_decontamination,
          nicolae_vaults_shelves_hall, ontoclasm_vaults_ring_large,
          serial_shops, shop_statue
Vaults:2: v_misc_30, nicolae_vaults_little_squares_4, nicolae_vaults_octagons,
          nicolae_vaults_little_squares_2, dpeg_vaults_monster_row,
          hangedman_vaults_corner_blocks, nicolae_vaults_hallways_thing,
          v_misc_15, hangedman_vaults_cutoff, v_misc_5,
          nicolae_vaults_little_squares_4, uniq_margery, uniq_mennas
Vaults:3: vaults_mumra_lcd, st_star, hangedman_vaults_pinch,
          nicolae_vaults_network_quinsquares, stair_cage_open, v_misc_25,
          minmay_crypt_entry_simple_walls, vaults_dpeg_cross,
          ontoclasm_vaults_loading_screen, ontoclasm_vaults_shuriken,
          hangedman_vaults_corner_blocks, ontoclasm_vaults_claustrophobia,
          uniq_asterion
Vaults:4: vaults_room_large_hall, vaults_room_hangedman_quadrants, v_pattern_4,
          hangedman_vaults_locks, v_misc_19, v_alt_pattern_3, v_misc_2,
          hangedman_vaults_snaps, ontoclasm_vaults_ring_small,
          hangedman_vaults_stitches, hangedman_vaults_maws, vaults_room_hallway,
          vaults_room_grid, vaults_dpeg_ring, serial_shops, shop
Crypt:1:  serial_sigils_hangedman_writhe, uniq_frederick
Crypt:3:  grunt_crypt_end_deaths_head
Depths:1: hell_entry, st_stairs_4, grunt_ministairs_3,
          okawaru_ov_weapons_minmay, firewood_loft, grunt_megastairs_2
Depths:2: hourglass_vault, enter_ziggurat_e, grunt_hell_entry_demonic_statue,
          abyss_entry, basic_altar, minmay_liquid_box, spider_trap,
          infiniplex_staircase_9_rooms, serial_bayou_shore_b, uniq_aizul
Depths:3: minmay_box_of_statues, pf_coc_iceberg, nrook_uturn,
          rand_demon_pan_entry_7
Depths:4: minmay_gate_of_8, serial_bayou_pond_c, hellmouth_1,
          rand_demon_pan_entry_4, abyss_entry, minmay_evil_grid
Depths:5: evilmike_zot_entry_gauntlet, grunt_hell_entry_dis_grunt,
          patterned_corridor
Zot:1:    kennysheep_blocky_hall
Zot:2:    st_small_dragon_hoard_4
Abyss:2:  eino_small_chamber_without_monster, hangedman_eye_storm,
          hangedman_decor_points
Abyss:3:  hangedman_abyss_or_decor_stabs
Abyss:4:  evilmike_abyss_rune_elephants_shrine, grunt_abyss_exit_deep_breaths
Lab:      labyrinth_watery, nicolae_lab_hexagon, nicolae_lab_stuck,
          labyrinth_skeletal_remains, nicolae_lab_starburst
Sewer:    sewer_fruit_machine
IceCv:    ice_cave_caverns_01

Skill      XL: |  1  2  3  4  5  6  7  8  9 10 11 12 13 14 15 16 17 18 19 20 21 22 23 24 25 26 27 |
---------------+----------------------------------------------------------------------------------+-----
Long Blades    | 3 4 5 6 7 8 9 11 12 13 14 17 18 19 21 22 24 | 24.0
Fighting       | 5 6 7 9 10 11 13 15 17 19 24 | 24.5
Invocations    | 3 6 8 10 | 10.0
Armour         | 4 7 10 12 14 16 19 | 19.2
Dodging        | 5 8 10 11 13 14 16 18 22 | 22.0
Evocations     | 5 6 10 | 10.0
Throwing       | 1 10 | 10.0
Stealth        | 7 12 | 12.1
Charms         | 2 8 |  8.1
Spellcasting   | 2 6 9 |  9.0
Translocations | 4 8 |  8.0
Hexes          | 6 |  6.0
Summonings     | 8 |  8.4

Action                   |  1- 3 |  4- 6 |  7- 9 | 10-12 | 13-15 | 16-18 | 19-21 | 22-24 | 25-27 || total
-------------------------+-------+-------+-------+-------+-------+-------+-------+-------+-------++-------
Melee: Falchion          |   170 |   244 |       |       |       |       |       |       |       ||   414
       Kick              |    32 |   108 |   152 |   240 |   532 |   592 |  1068 |  1266 |  1613 ||  5603
       Long sword        |       |   145 |   491 |  1405 |    76 |       |       |       |       ||  2117
       Punch             |       |       |       |     5 |       |       |       |       |       ||     5
       Short sword       |       |       |       |    15 |       |       |       |       |       ||    15
       Scimitar          |       |       |       |    69 |     4 |       |       |       |       ||    73
       Great sword       |       |       |       |       |  1573 |  1678 |  2775 |  1839 |       ||  7865
       Triple sword      |       |       |       |       |       |       |       |  1415 |  4054 ||  5469
 Fire: Hunting sling     |       |    20 |       |     7 |       |       |       |       |       ||    27
       Blowgun           |       |       |       |       |       |       |     1 |       |       ||     1
Throw: Stone             |    16 |    15 |     2 |       |       |       |       |       |       ||    33
       Tomahawk          |       |       |    18 |    59 |    24 |    35 |       |       |       ||   136
       Javelin           |       |       |       |     6 |     2 |    71 |    64 |   162 |   214 ||   519
       Throwing net      |       |       |       |       |     1 |       |       |       |       ||     1
 Cast: Repel Missiles    |       |       |       |       |       |       |       |    16 |    26 ||    42
       Blink             |       |       |       |       |       |       |       |     7 |     3 ||    10
       Portal Projectile |       |       |       |       |       |       |       |     3 |     6 ||     9
       Spectral Weapon   |       |       |       |       |       |       |       |    16 |    73 ||    89
       Apportation       |       |       |       |       |       |       |       |     1 |    16 ||    17
       Regeneration      |       |       |       |       |       |       |       |       |    43 ||    43
       Summon Butterflie |       |       |       |       |       |       |       |       |     4 ||     4
Invok: Heroism           |       |     2 |     5 |    22 |    13 |     9 |    17 |    17 |    22 ||   107
       Finesse           |       |       |       |       |       |       |     2 |       |     6 ||     8
 Abil: Evoke Flight      |       |       |       |       |     1 |       |    40 |     1 |     2 ||    44
       Evoke Invisibilit |       |       |       |       |       |     3 |       |       |       ||     3
       Stop Flying       |       |       |       |       |       |       |       |       |     1 ||     1
Evoke: Wand              |       |       |     2 |     5 |     4 |       |     2 |       |     3 ||    16
       Box of beasts     |       |       |       |       |       |       |     2 |       |       ||     2
       Phantom mirror    |       |       |       |       |       |       |       |       |     1 ||     1
  Use: Scroll            |     3 |    12 |     4 |     8 |    12 |     6 |    15 |     8 |    19 ||    87
       Potion            |       |     3 |       |       |     2 |     1 |    13 |     1 |    14 ||    34
 Stab: Sleeping          |     4 |     1 |       |     3 |     2 |       |    32 |    22 |    14 ||    78
       Distracted        |     1 |       |     3 |    11 |     4 |     3 |    17 |    13 |    40 ||    92
       Confused          |       |       |     2 |     1 |       |       |       |       |     2 ||     5
       Held in net/web   |       |       |       |       |     2 |       |       |       |       ||     2
       Paralysed         |       |       |       |       |     3 |       |       |       |       ||     3
       Invisible         |       |       |       |       |       |    31 |       |       |       ||    31
       Petrifying        |       |       |       |       |       |       |     2 |       |       ||     2
  Eat: Chunk             |     4 |    13 |    31 |    56 |    30 |    27 |    43 |    35 |    47 ||   286
       Bread ration      |       |       |       |       |     1 |       |       |       |     5 ||     6
       Beef jerky        |       |       |       |       |     1 |       |       |       |     1 ||     2
       Pizza             |       |       |       |       |       |     2 |     2 |     1 |       ||     5
       Meat ration       |       |       |       |       |       |       |     2 |     3 |       ||     5
       Royal jelly       |       |       |       |       |       |       |       |       |     1 ||     1
Armor: Robe              |    17 |       |       |       |       |       |       |       |       ||    17
       Ring mail         |       |    92 |   172 |   508 |   531 |   926 |   806 |  1073 |  1382 ||  5490
       Chain mail        |       |    40 |       |       |       |       |       |       |       ||    40
Dodge: Dodged            |    95 |   195 |   182 |   673 |  1148 |  1760 |  2005 |  2286 |  2752 || 11096
       Deflected         |       |       |       |       |       |       |       |    68 |   105 ||   173
Block: Buckler           |       |       |       |   142 |       |       |       |       |       ||   142

Table legend:
 A = Turns spent in this place as a percentage of turns spent in the entire game.
 B = Non-inter-level travel turns spent in this place as a percentage of non-inter-level travel turns spent in the entire game.
 C = Inter-level travel turns spent in this place as a percentage of turns spent in this place.
 D = Turns resting spent in this place as a percentage of non-inter-level travel turns spent in this place.
 E = Turns spent auto-exploring this place as a percentage of non-inter-level travel turns spent in this place.
 F = Non-inter-level travel turns spent in this place divided by the number of levels of this place that you've seen.
                   A       B       C       D       E      F
               +-------+-------+-------+-------+-------+----------------------
         Total | 100.0 | 100.0 |   0.5 |   1.2 |   2.3 | 712.7
       Dungeon |  16.2 |  16.1 |   1.1 |   1.3 |   4.3 | 497.2
        Temple |   0.0 |   0.0 |   5.6 |   0.0 |  70.6 |  17.0
          Lair |   8.1 |   8.0 |   1.6 |   0.9 |   3.7 | 620.7
        Shoals |   6.9 |   6.9 |   0.3 |   1.0 |   0.9 | 796.8
   Spider Nest |   6.1 |   6.1 |   0.6 |   1.6 |   2.0 | 709.2
    Slime Pits |   2.0 |   2.0 |   0.3 |   0.5 |   0.1 | 182.0
  Orcish Mines |   2.5 |   2.5 |   0.6 |   2.6 |   1.3 | 569.5
   Elven Halls |   6.0 |   6.0 |   0.2 |   1.6 |   2.0 | 932.7
        Vaults |  18.0 |  18.1 |   0.4 |   1.0 |   1.5 | 1673.6
         Crypt |   6.1 |   6.2 |   0.1 |   1.1 |   1.9 | 951.7
        Depths |  11.8 |  11.8 |   0.4 |   1.1 |   2.2 | 1092.8
           Zot |   8.0 |   8.0 |   0.3 |   1.4 |   2.5 | 740.6
         Abyss |   4.6 |   4.6 |   0.0 |   0.2 |   1.7 | 535.5
     Labyrinth |   0.9 |   0.9 |   0.0 |   0.0 |   0.0 | 419.0
         Sewer |   0.8 |   0.8 |   0.0 |   2.9 |   1.9 | 377.0
      Ice Cave |   2.0 |   2.0 |   0.0 |   0.4 |   0.1 | 925.0
               +-------+-------+-------+-------+-------+----------------------

Vault maps used:
D:1:      dpeg_arrival_round_c
D:2:      minmay_door_path, minitemple
D:3:      gup_sewer_entry_glass, hex_large, uniq_iyjb, uniq_terence
D:4:      lemuel_blue_sif_altar, old_standard_altar, first_bread
D:5:      marbit_many_paths, serial_shops, shop, cheibriados_altar_wand_db
D:6:      uniq_blork_the_orc
D:7:      serial_shops, nicolae_shop_window_shopping, the_bakery, uniq_pikel,
          uniq_duvessa
D:8:      erik_cavepeople, serial_co_window_serial, co_window_of_opportunity_a,
          co_window_paths_a, co_window_paths_b, co_window_paths_a,
          co_window_paths_a, co_window_broadway_c, co_window_paths_c,
          co_window_broadway_a, co_window_corner_b, co_window_of_opportunity_b,
          co_window_unsneaky_path_c, co_window_unsneaky_path_a, glass_columns_b,
          glass_columns_c, glass_columns_a, basic_altar, xom_teletrap_fun
D:9:      minmay_cornered_nines, erik_orc_2
D:10:     serial_undead, serial_undead_c, serial_undead_a, serial_undead_d,
          serial_undead_b, st_stairs_10, minmay_statue_crystal_thing,
          uniq_erolcha
D:11:     david_lair_generic, hex_tiny, grunt_nemelex_the_gamble
D:12:     lab_entry_generic, minmay_misc_feat_diagonals
D:13:     david_vaults_2, elyvilon_altar_3, uniq_maurice, uniq_azrael
D:15:     grunt_enter_depths_giant_problem, minmay_tree_intersection,
          serial_shops, nicolae_shop_behind_doors
Temple:   regret_index_temple_waves
Lair:1:   minmay_holes, lemuel_fruit_tree, uniq_prince_ribbit2, uniq_sonja,
          uniq_fannar
Lair:2:   portal_ice_cave_entry_ice_beasts, bh_autumn_forest_stairs,
          uniq_nergalle, uniq_urug
Lair:3:   elwin_shoals_entry_rocks, spider_nest_entry_rubble, st_stairs_11,
          serial_bayou_lake_a
Lair:4:   gammafunk_lair_enchanted_lake
Lair:5:   bobbens_ice_dragon_lair
Lair:6:   minmay_lair_end_frog_pond, slime_altar_1
Shoals:1: uniq_nikola
Shoals:2: uniq_polyphemus
Shoals:4: shoals_end_hangedman, shoal_ilsuiw, nicolae_shoals_circle_sea_wall,
          nicolae_shoals_seven_spires
Spider:2: lemuel_spider_zombies, uniq_arachne
Spider:4: spider_rune_water
Slime:2:  cheibrodos_slime_lost_civilization_7
Slime:4:  nicolae_slime_welcoming_committee
Orc:1:    minmay_orc_treasury
Orc:2:    grunt_orc_gardens, grunt_orc_garden, grunt_orc_garden,
          grunt_orc_garden, grunt_orc_garden, basic_altar
Elf:1:    minmay_elf_sorcery, feat_on_display, uniq_donald
Elf:2:    grunt_megastairs_3, uniq_roxanne
Elf:3:    minmay_elf_hall, serial_shops, shop_statue, minmay_elf_necromancy
Vaults:1: vaults_dpeg_diagonal, nicolae_vaults_mini_display_case,
          grunt_vaults_funnel, ontoclasm_vaults_loading_screen,
          nicolae_vaults_branching_niches, ontoclasm_vaults_decontamination,
          nicolae_vaults_shelves_hall, ontoclasm_vaults_ring_large,
          serial_shops, shop_statue
Vaults:2: v_misc_30, nicolae_vaults_little_squares_4, nicolae_vaults_octagons,
          nicolae_vaults_little_squares_2, dpeg_vaults_monster_row,
          hangedman_vaults_corner_blocks, nicolae_vaults_hallways_thing,
          v_misc_15, hangedman_vaults_cutoff, v_misc_5,
          nicolae_vaults_little_squares_4, uniq_margery, uniq_mennas
Vaults:3: vaults_mumra_lcd, st_star, hangedman_vaults_pinch,
          nicolae_vaults_network_quinsquares, stair_cage_open, v_misc_25,
          minmay_crypt_entry_simple_walls, vaults_dpeg_cross,
          ontoclasm_vaults_loading_screen, ontoclasm_vaults_shuriken,
          hangedman_vaults_corner_blocks, ontoclasm_vaults_claustrophobia,
          uniq_asterion
Vaults:4: vaults_room_large_hall, vaults_room_hangedman_quadrants, v_pattern_4,
          hangedman_vaults_locks, v_misc_19, v_alt_pattern_3, v_misc_2,
          hangedman_vaults_snaps, ontoclasm_vaults_ring_small,
          hangedman_vaults_stitches, hangedman_vaults_maws, vaults_room_hallway,
          vaults_room_grid, vaults_dpeg_ring, serial_shops, shop
Crypt:1:  serial_sigils_hangedman_writhe, uniq_frederick
Crypt:3:  grunt_crypt_end_deaths_head
Depths:1: hell_entry, st_stairs_4, grunt_ministairs_3,
          okawaru_ov_weapons_minmay, firewood_loft, grunt_megastairs_2
Depths:2: hourglass_vault, enter_ziggurat_e, grunt_hell_entry_demonic_statue,
          abyss_entry, basic_altar, minmay_liquid_box, spider_trap,
          infiniplex_staircase_9_rooms, serial_bayou_shore_b, uniq_aizul
Depths:3: minmay_box_of_statues, pf_coc_iceberg, nrook_uturn,
          rand_demon_pan_entry_7
Depths:4: minmay_gate_of_8, serial_bayou_pond_c, hellmouth_1,
          rand_demon_pan_entry_4, abyss_entry, minmay_evil_grid
Depths:5: evilmike_zot_entry_gauntlet, grunt_hell_entry_dis_grunt,
          patterned_corridor
Zot:1:    kennysheep_blocky_hall
Zot:2:    st_small_dragon_hoard_4
Abyss:2:  eino_small_chamber_without_monster, hangedman_eye_storm,
          hangedman_decor_points
Abyss:3:  hangedman_abyss_or_decor_stabs
Abyss:4:  evilmike_abyss_rune_elephants_shrine, grunt_abyss_exit_deep_breaths
Lab:      labyrinth_watery, nicolae_lab_hexagon, nicolae_lab_stuck,
          labyrinth_skeletal_remains, nicolae_lab_starburst
Sewer:    sewer_fruit_machine
IceCv:    ice_cave_caverns_01
